Map: Acid Plant LE

Players

Azure

  • Race: Terran Terran
  • League: Grandmaster
  • Spawn Location: 5:00

Spazymazy - Winner!

  • Race: Zerg Zerg
  • League: Diamond
  • Spawn Location: 11:00

VOD

Have the link to the VOD?

Description

Time

  • Played on: July 27, 2018, 7:10 a.m.
  • Length: 9:56
Show
View Real Time Build Order
Export as new Build Order

Azure Terran 

Build Orders: Gas First Reaper Expand, Liberator Opening, Reaper Expand, Mech 

Get SALT Encoding   

  12  0:02  SCV  
  13  0:14  SCV  
  13  0:18  Supply Depot  
  14  0:26  SCV  
  15  0:30  Refinery  
  15  0:39  SCV  
  16  0:46  Barracks  
  16  0:51  SCV  
  17  1:03  SCV  
  18  1:15  SCV  
  19  1:33  Orbital Command, Reaper  
  20  1:44  Command Center  
  20  1:55  Factory  
  20  1:59  SCV  
  21  2:06  Supply Depot  
  21  2:08  Barracks Reactor  
  21  2:11  SCV  
  22  2:16  Refinery  
  22  2:23  SCV  
  23  2:35  SCV  
  24  2:44  Starport  
  24  2:47  SCV  
  24  2:50  Hellion x2  
  29  2:57  Orbital Command  
  29  3:00  Barracks Tech Lab  
  29  3:02  SCV  
  30  3:06  Liberator  
  30  3:14  SCV  
  30  3:15  Hellion x2  
  35  3:26  SCV  
  39  3:29  Supply Depot  
  39  3:30  SCV  
  40  3:39  SCV  
  40  3:40  Hellion  
  43  3:43  Hellion  
  43  3:45  SCV  
  46  3:51  SCV  
  47  3:57  SCV  
  47  4:02  Hellion  
  48  4:03  SCV  
  48  4:04  Hellion  
  44  4:20  SCV  
  46  4:38  SCV  
  47  4:44  SCV  
  44  4:47  Supply Depot  
  44  4:49  Siege Tank, Marine x2  
  44  4:50  SCV  
  50  4:56  SCV  
  50  4:59  Supply Depot  
  51  5:02  SCV  
  52  5:07  Marine x2  
  52  5:09  SCV  
  52  5:14  Command Center  
  55  5:16  SCV  
  55  5:21  SCV  
  57  5:28  SCV  
  49  5:33  SCV  
  44  5:38  Refinery x2  
  44  5:40  SCV  
  45  5:45  SCV  
  45  5:48  Hellion x2  
  49  5:54  SCV, Factory  
  49  5:57  Barracks Tech Lab, SCV, Factory  
  50  6:01  Armory  
  50  6:03  Armory  
  51  6:06  Starport Reactor, SCV  
  51  6:09  SCV  
  53  6:13  Hellion  
  53  6:16  Hellion  
  57  6:18  SCV  
  57  6:21  SCV  
  59  6:28  Supply Depot  
  59  6:30  SCV  
  61  6:33  SCV  
  61  6:40  Hellion x2  
  61  6:41  Orbital Command  
  61  6:42  SCV  
  67  6:49  Thor  
  67  6:53  Thor  
  78  6:58  SCV  
  78  6:59  SCV  
  80  7:05  Orbital Command  
  80  7:06  Medivac x2, Hellion x2  
  88  7:13  SCV  
  89  7:19  Supply Depot, Terran Vehicle And Ship Armor Level 1, Terran Vehicle Weapons Level 1  
  89  7:20  Supply Depot, SCV  
  90  7:29  Hellion  
  92  7:32  SCV  
  93  7:39  Supply Depot  
  93  7:40  SCV x2  
  93  7:41  Hellion  
  93  7:44  SCV  
  98  7:45  Hellion x2  
  102  7:56  SCV  
  102  7:57  Infernal Pre-Igniter  
  103  8:00  Factory  
  103  8:01  SCV  
  103  8:02  Factory  
  103  8:03  Refinery  
  103  8:04  Refinery  
  103  8:05  Supply Depot, Hellion  
  106  8:09  Hellion  
  106  8:11  Siege Tank  
  111  8:13  Siege Tank  
  111  8:17  Thor x2, SCV  
  115  8:24  SCV  
  116  8:28  Hellion  
  116  8:29  SCV  
  116  8:30  Hellion  
  121  8:37  Supply Depot  
  121  8:38  Supply Depot  
  121  8:39  Viking x2  
  124  8:44  Siege Tank  
  124  8:45  Siege Tank, SCV  
  124  8:46  Engineering Bay  
  124  8:48  Factory Reactor, Factory Tech Lab  
  81  9:13  SCV x2  
  78  9:23  SCV, Hellbat x2  
  82  9:25  SCV  
  82  9:26  SCV  
  83  9:34  Missile Turret x2  
  83  9:35  SCV  
  83  9:38  SCV x2  
  86  9:41  Missile Turret  
Show
View Real Time Build Order
Export as new Build Order

Spazymazy Zerg - Winner!

Build Orders: Hatch First 

Get SALT Encoding   

  12  0:00  Drone  
  13  0:12  Overlord  
  13  0:17  Drone  
  14  0:30  Drone x2  
  16  0:49  Hatchery  
  15  0:52  Drone  
  15  0:55  Drone  
  17  1:10  Spawning Pool  
  16  1:13  Drone  
  16  1:16  Extractor  
  16  1:17  Drone  
  17  1:21  Drone  
  18  1:27  Drone  
  19  1:38  Overlord  
  19  1:49  Drone  
  20  1:56  Queen  
  20  1:59  Zergling x2  
  20  2:00  Queen  
  26  2:01  Zergling x2  
  26  2:15  Drone x2  
  28  2:17  Metabolic Boost  
  28  2:21  Overlord  
  28  2:23  Drone  
  29  2:33  Queen  
  29  2:35  Drone x2  
  33  2:43  Overlord  
  33  2:47  Zergling x2  
  34  2:53  Zergling x2  
  34  2:57  Zergling x2  
  36  3:05  Zergling x6  
  39  3:15  Zergling x2  
  39  3:16  Zergling x8  
  44  3:32  Zergling x6  
  47  3:35  Hatchery  
  47  3:40  Drone x2  
  46  3:48  Overlord, Drone x2  
  46  3:49  Drone x2  
  49  3:56  Overlord  
  49  3:57  Drone x2  
  45  4:04  Drone x2  
  46  4:11  Drone  
  46  4:13  Drone  
  47  4:23  Drone x3  
  50  4:25  Drone  
  50  4:30  Queen  
  51  4:31  Extractor x2  
  51  4:36  Queen  
  48  4:38  Drone  
  48  4:42  Zergling x2  
  48  4:43  Zergling x4  
  52  4:48  Zergling x2  
  52  4:49  Zergling x8, Queen  
  52  4:52  Zergling x6  
  62  5:05  Drone x3  
  65  5:10  Overlord, Drone  
  66  5:14  Zergling x8  
  65  5:29  Drone  
  65  5:30  Drone x2  
  65  5:31  Lair, Drone  
  65  5:33  Extractor  
  65  5:34  Drone  
  68  5:38  Drone  
  68  5:42  Drone x3  
  71  5:47  Drone x3  
  72  5:50  Overlord x2  
  72  5:51  Drone  
  72  5:53  Drone  
  74  5:57  Overlord x2  
  74  6:02  Extractor  
  74  6:03  Drone  
  74  6:12  Drone x3  
  74  6:13  Overlord x2  
  74  6:15  Zergling x2  
  78  6:19  Zergling x4  
  78  6:20  Zergling x6  
  83  6:29  Spire, Drone  
  83  6:30  Zergling x6  
  86  6:35  Zergling x2  
  86  6:39  Overlord x2  
  87  6:43  Zergling x6  
  90  6:47  Queen  
  92  6:55  Overseer  
  92  6:58  Zergling x2  
  92  6:59  Zergling x14  
  99  7:28  Drone x3  
  99  7:29  Extractor  
  98  7:41  Mutalisk x11  
  120  7:45  Hatchery  
  120  7:46  Zergling x4  
  120  7:53  Infestation Pit  
  120  7:54  Hydralisk Den, Drone  
  120  7:57  Drone x3  
  120  7:58  Drone x3  
  123  8:00  Mutalisk x3  
  123  8:03  Drone x2  
  131  8:06  Drone  
  131  8:12  Drone x2  
  134  8:15  Zergling x2  
  135  8:27  Hydralisk  
  135  8:28  Hydralisk x4  
  135  8:30  Overlord x3  
  135  8:34  Overlord x2  
  145  8:43  Overlord x2  
  136  9:12  Hydralisk  
  136  9:13  Hydralisk x15  
  163  9:22  Drone  
  155  9:25  Hatchery  
  155  9:29  Drone x2  
  155  9:30  Evolution Chamber  
  153  9:31  Evolution Chamber  
  152  9:40  Drone x3  
Tags
 
Add a new tag
Caveats
  • Supply blocks, unpowered buildings, or Contaminate may cause inaccurate times.
  • Supply counts are checked every 10 seconds.